 Dungeon Crawl Stone Soup version 0.23.2-1-ga50397a (webtiles) character file.

Game seed: 17738568509634108015

1253 MajorAdolf the Covered (level 8, -4/74 HPs)
             Began as a Naga Wanderer on Apr 25, 2019.
             Killed from afar by a wretched star (11 damage)
             ... with an orb of energy
             ... on level 1 of the Abyss.
             The game lasted 00:21:49 (7893 turns).

MajorAdolf the Covered (Naga Wanderer)              Turns: 7893, Time: 00:21:50

Health: -4/74      AC:  9    Str: 17    XL:     8   Next: 51%
Magic:  9/9        EV:  3    Int: 15    God:
Gold:   314        SH:  8    Dex: 11    Spells: 9/9 levels left

rFire    . . .     SeeInvis +   s - +1 dagger (venom)
rCold    . . .     Gourm    +   n - +0 shield
rNeg     . . .     Faith    .   k - +1 chain mail
rPois    +         Spirit   .   (no helmet)
rElec    .         Reflect  .   (no cloak)
rCorr    +         Harm     .   (no gloves)
MR       +....                  (no barding)
Stlth    ..........             x - amulet of the gourmand
HPRegen  0.22/turn              e - +3 ring of intelligence
MPRegen  0.11/turn              p - ring of resist corrosion

@: about to teleport, very slow
A: large, see invisible, deformed body, poison resistance, slowness 2, slow
metabolism 1, spit poison 1, AC +2
a: Spit Poison


You were on level 1 of the Abyss.
You were not hungry.

You visited 1 branch of the dungeon, and saw 5 of its levels.
You visited the Abyss 1 time.

You collected 314 gold pieces.

Inventory:

Hand Weapons
 a - a +3 hand crossbow
 j - a +1 whip of distortion
 s - a +1 dagger of venom (weapon)
Missiles
 b - 97 bolts
Armour
 d - a +0 ring mail
 k - a +1 chain mail (worn)
 l - a +0 scale mail
 n - a +0 shield (worn)
Jewellery
 e - a +3 ring of intelligence (left hand)
 g - an uncursed ring of fire
 p - a ring of resist corrosion (right hand)
 x - an amulet of the gourmand (around neck)
 A - a cursed -2 ring of slaying {unknown}
 B - an uncursed ring of protection from magic {unknown}
Wands
 i - a wand of digging (5)
 o - a wand of polymorph (10)
Scrolls
 h - 3 scrolls of teleportation
 m - a scroll of enchant weapon
 q - a scroll of enchant armour
 t - 4 scrolls of remove curse
 y - a scroll of fear
 z - a scroll of magic mapping
Potions
 c - a potion of ambrosia
 r - a potion of lignification
 u - a potion of invisibility {unknown}
 v - a potion of flight
 w - a potion of resistance
Comestibles
 f - 6 rations


   Skills:
 + Level 5.1 Fighting
 + Level 5.0 Crossbows
 + Level 5.5 Armour
 + Level 2.2 Shields
 - Level 1.1 Spellcasting
   Level 1.0 Summonings
   Level 1.0 Transmutations


You had 9 spell levels left.
You didn't know any spells.
Your spell library contained the following spells:

 Spells                   Type           Power        Failure   Level  Hunger
 Beastly Appendage        Tmut           #.....       100%        1    ##.....
 Sticks to Snakes         Tmut           #.......     100%        2    ###....
 Spider Form              Tmut/Pois      #.........   100%        3    ####...
 Ice Form                 Ice/Tmut       #.......     100%        4    #####..
 Blade Hands              Tmut           #.........   100%        5    ######.


Dungeon Overview and Level Annotations

Branches:
Dungeon (5/15)
 Temple: D:4-7

Altars:
Fedhas
Makhleb
Sif Muna
Vehumet


Innate Abilities, Weirdness & Mutations

You cannot wear boots.
Your serpentine skin is tough. (AC +2)
You have supernaturally acute eyesight. (SInv)
Armour fits poorly on your strangely shaped body.
Your system is resistant to poisons. (rPois)
You cover ground very slowly.
You have a slow metabolism.
You can spit poison.


Message History

Press ? for a list of commands and other information.
Unknown command.
A wretched star comes into view.
The wretched star glows turbulently.
The orb of energy hits you!
The orb of energy explodes!
You hit the wretched star but do no damage.
Unknown command.
As you read the scroll of teleportation, it crumbles to dust.
You feel strangely unstable.
You feel the power of the Abyss delaying your translocation!
The wretched star glows turbulently.
The orb of energy hits you!!
* * * LOW HITPOINT WARNING * * *
The wretched star glows turbulently.
The orb of energy hits you!
* * * LOW HITPOINT WARNING * * *
Unknown command.
The wretched star glows turbulently.
The orb of energy hits you!
You die...

#### # ###..#
.# #..#.####
.# #..#.*#@#
#####
##.##.#.# ..
#####.####*##
#... .#.. #
### #...##..#
# ### .#.# #
.# #.# #.# #
# #.


You could see a wretched star.

Vanquished Creatures
  Grinder (D:4)
  Sigmund (D:3)
  An ice beast (D:5)
  A sky beast (D:5)
  A bullfrog (D:5)
  A scorpion (D:4)
  A howler monkey (D:4)
  3 orc priests
  A hound (D:4)
  A jelly (D:5)
  An iguana (D:4)
  3 orc wizards
  2 worker ants
  9 adders
  5 gnolls
  A shadow imp (D:5)
  An ooze (D:2)
  2 adder zombies (D:5)
  An adder skeleton (D:5)
  6 worms
  2 leopard geckos
  7 orcs
  A ball python (D:3)
  7 bats
  4 giant cockroaches
  9 goblins
  8 hobgoblins
  10 jackals
  10 kobolds
  6 quokkas
  3 frilled lizards
  A jackal skeleton (D:5)
  11 rats
122 creatures vanquished.

Vanquished Creatures (others)
  A quokka (D:5)
  7 starspawn tentacles (Abyss:1)
  4 toadstools (D:1)
12 creatures vanquished.

Grand Total: 134 creatures vanquished

Notes
Turn   | Place    | Note
-------+----------+-------------------------------------------
     0 | D:1      | MajorAdolf the Naga Wanderer began the quest for the Orb.
     0 | D:1      | MajorAdolf set off with the following items: a +2 hand
                  | crossbow, 21 bolts, a +0 mace, a +0 ring mail, a ration
     0 | D:1      | Reached XP level 1. HP: 18/18 MP: 2/2
   119 | D:1      | Reached XP level 2. HP: 3/25 MP: 3/3
  1478 | D:2      | Reached XP level 3. HP: 13/31 MP: 4/4
  2655 | D:2      | Reached XP level 4. HP: 6/38 MP: 5/5
  4175 | D:3      | Noticed Sigmund
  4446 | D:3      | Killed Sigmund
  4446 | D:3      | Reached XP level 5. HP: 22/46 MP: 6/6
  4446 | D:3      | Reached XP level 6. HP: 26/55 MP: 7/7
  5030 | D:3      | Found a blossoming altar of Fedhas.
  5686 | D:4      | You fall through a shaft!
  5686 | D:5      | Entered Level 5 of the Dungeon
  5691 | D:5      | Reached XP level 7. HP: 43/62 MP: 8/8
  5900 | D:4      | Noticed Grinder
  5909 | D:4      | Killed Grinder
  6212 | D:4      | Reached skill level 5 in Armour
  6253 | D:4      | Reached XP level 8. HP: 6/73 MP: 9/9
  6892 | D:4      | Found a deep blue altar of Sif Muna.
  7103 | D:5      | Found a burning altar of Makhleb.
  7213 | D:5      | Found a radiant altar of Vehumet.
  7628 | D:5      | Reached skill level 5 in Fighting
  7665 | D:5      | Reached skill level 5 in Crossbows
  7789 | D:5      | Cast into level 1 of the Abyss (a distortion unwield)
  7798 | Abyss:1  | Noticed a tentacled starspawn
  7799 | Abyss:1  | Noticed a tentacled starspawn
  7809 | Abyss:1  | Noticed a large abomination
  7817 | Abyss:1  | Noticed an efreet
  7822 | Abyss:1  | Noticed a large abomination
  7885 | Abyss:1  | Noticed a wretched star
  7893 | Abyss:1  | Killed from afar by a wretched star

Skill      XL: |  1  2  3  4  5  6  7  8 |
---------------+-------------------------+-----
Crossbows      | 2 3 4 5 |  5.0
Armour         | 2 3 4 5 |  5.5
Fighting       | 2 3 4 5 |  5.1
Shields        | 2 |  2.2
Spellcasting   | |  1.1
Summonings     | |  1.0
Transmutations | |  1.0

Action                   |  1- 3 |  4- 6 |  7- 9 || total
-------------------------+-------+-------+-------++-------
Melee: Mace              |   100 |    87 |       ||   187
       Dagger            |       |    54 |   166 ||   220
 Fire: Hand crossbow     |       |    19 |    31 ||    50
 Abil: Spit Poison       |    33 |    34 |    18 ||    85
  Use: Potion            |       |     1 |       ||     1
       Scroll            |       |       |    15 ||    15
  Eat: Chunk             |     5 |    10 |    10 ||    25
Armor: Ring mail         |    46 |    51 |       ||    97
       Chain mail        |       |    58 |   128 ||   186
Dodge: Dodged            |    52 |    97 |    55 ||   204
Block: Shield            |       |       |    25 ||    25
